 Dungeon Crawl Stone Soup version 0.30-a0-368-g86fb4627a9 (webtiles) character file.

Game seed: 10168888025249890304

675 ryw the Trooper (level 7, -1/59 HPs)
             Began as a Demonspawn Monk on Nov 19, 2022.
             Slain by a gnoll
             ... wielding a +0 halberd
             ... led by a gnoll bouda
              (11 damage)
             ... on level 5 of the Dungeon.
             The game lasted 00:08:05 (4863 turns).

ryw the Trooper (Demonspawn Monk)                   Turns: 4863, Time: 00:08:06

Health: -1/59      AC:  4    Str: 17    XL:     7   Next: 33%
Magic:  7/7        EV: 14    Int: 14    God:
Gold:   158        SH:  0    Dex: 15    Spells: 6/6 levels left

rFire   . . .      SeeInvis +      - Unarmed
rCold   . . .      Faith    .    (no shield)
rNeg    . . .      Spirit   .    a - +1 robe
rPois   .          Reflect  .    h - +0 helmet
rElec   .          Harm     .    (no cloak)
rCorr   .          Rampage  .    (no gloves)
Will    .....                    (no boots)
Stlth   ++........               (no amulet)
HPRegen 0.29/turn                d - +6 ring of strength
MPRegen 0.10/turn                i - ring of see invisible

@: weakened
A: powered by pain 1, spiny 1
a: no special abilities


You were on level 5 of the Dungeon.
You visited 1 branch of the dungeon, and saw 5 of its levels.

You collected 158 gold pieces.

Inventory:

Armour
 a - a +1 robe (worn)
 h - a +0 helmet (worn)
 l - a +0 kite shield
Jewellery
 b - a ring of magical power
 d - a +6 ring of strength (left hand)
 i - a ring of see invisible (right hand)
Scrolls
 c - 2 scrolls of teleportation
 f - a scroll of identify
 g - 2 scrolls of enchant armour
 k - a scroll of fear {unknown}
 m - a scroll of amnesia {unknown}
Potions
 e - a potion of curing
 j - a potion of heal wounds {unknown}
 n - a potion of berserk rage {unknown}


   Skills:
 + Level 6.3 Fighting
 + Level 5.8 Dodging
 - Level 1.7 Stealth
 - Level 3.0 Unarmed Combat


You had 6 spell levels left.
You didn't know any spells.
Your spell library contained the following spells:

 Spells                   Type           Power      Damage    Failure   Level
 Magic Dart               Conj           0%         1d3       28%         1
 Searing Ray              Conj           0%         2d4       41%         2
 Animate Dead             Necr           0%         N/A       96%         4
 Fulminant Prism          Conj/Hex       0%         3d5       96%         4
 Haunt                    Necr/Summ      0%         N/A       100%        7
 Borgnjor's Revivificati  Necr           0%         N/A       100%        8
 Infestation              Necr           0%         N/A       100%        8
 Necromutation            Tmut/Necr      0%         N/A       100%        8
 Death's Door             Necr           0%         N/A       100%        9


Dungeon Overview and Level Annotations

Branches:
Dungeon (5/15)
 Temple: D:4-7

Altars:
Cheibriados
Vehumet
Xom


Innate Abilities, Weirdness & Mutations

You sometimes gain a little power by taking damage.
You are partially covered in sharp spines.


Message History

The gnoll barely misses you. The gnoll misses you.
The gnoll hits you with a +0 club. The gnoll attacks as you move away!
The gnoll hits you with a +0 club.
You hit the gnoll.
The gnoll is moderately wounded.
You barely miss the gnoll bouda. The gnoll closely misses you.
You hit the gnoll bouda.
The gnoll bouda is lightly wounded.
The gnoll bouda hits you with a +0 club.
The gnoll completely misses you.
You hit the gnoll bouda but do no damage.
The gnoll bouda is lightly wounded.
Your attacks no longer feel as feeble.
The gnoll bouda barely misses you. The gnoll barely misses you.
You closely miss the gnoll bouda.
The gnoll bouda is lightly wounded.
The gnoll is no longer moving quickly.
The gnoll misses you. The gnoll bouda barely misses you.
You barely miss the gnoll bouda.
The gnoll bouda is lightly wounded.
The gnoll barely misses you.
The gnoll bouda gazes fiercely through you!
You feel your attacks grow feeble.
The gnoll bouda is struck by your spines.
The gnoll bouda hits you with a +0 club!
You completely miss the gnoll bouda.
The gnoll bouda is moderately wounded.
The gnoll barely misses you.
The gnoll bouda barks out a call to the hunt!
The gnoll picks up the pace!
You barely miss the gnoll bouda.
The gnoll bouda is moderately wounded.
The gnoll hits you from afar with a +0 halberd!
* * * LOW HITPOINT WARNING * * *
The gnoll bouda misses you.
You hit the gnoll bouda.
The gnoll bouda is heavily wounded.
The gnoll is no longer moving quickly.
The gnoll hits you from afar with a +0 halberd!
You die...

#.# #####..........
#.# #.#......#. #.#
#.#.####<#
#.###########.#.#
###
#.......)...#.#..
############.#.###
#............#.####
##.###########....#
#.##/.@gggg......#
#.##.####g.......#
#.## #....##### #.#
#....+ #.# #....#
#.# #....# #.#
........# #.#
######### #.#


You could see a gnoll bouda and 4 gnolls.

Vanquished Creatures
  An ogre (D:4)
  6 killer bees (D:4)
  2 hounds
  A jelly (D:5)
  An iguana (D:5)
  2 orc wizards
  6 adders
  An ufetubus (D:4)
  3 worms
  3 dart slugs
  8 orcs
  3 bats
  4 endoplasms
  3 giant cockroaches (D:1)
  8 goblins
  11 hobgoblins
  2 jackals (D:3)
  6 kobolds
  6 ball pythons
  2 frilled lizards (D:1)
  7 rats
86 creatures vanquished.

Vanquished Creatures (others)
  2 plants (D:3)
  10 withered plants (D:3)
12 creatures vanquished.

Grand Total: 98 creatures vanquished

Notes
Turn   | Place    | Note
-------+----------+-------------------------------------------
     0 | D:1      | ryw the Demonspawn Monk began the quest for the Orb.
     0 | D:1      | Reached XP level 1. HP: 18/18 MP: 1/1
    98 | D:1      | You fall into a shaft and drop 1 floor!
   299 | D:1      | Gained mutation: You sometimes gain a little power by
                  | taking damage. [demonic ancestry]
   299 | D:1      | Reached XP level 2. HP: 24/24 MP: 2/2
   955 | D:1      | Reached XP level 3. HP: 25/29 MP: 3/3
  2216 | D:3      | Found a snail-covered altar of Cheibriados.
  2253 | D:3      | Reached skill level 4 in Fighting
  2253 | D:3      | Reached XP level 4. HP: 9/37 MP: 4/4
  2718 | D:3      | Found a faded altar of an unknown god.
  2817 | D:3      | Found a radiant altar of Vehumet.
  2895 | D:3      | Reached XP level 5. HP: 42/43 MP: 5/5
  3530 | D:4      | Noticed an ogre
  3531 | D:4      | Found a shimmering altar of Xom.
  3863 | D:4      | Killed an ogre
  3864 | D:4      | Reached skill level 5 in Fighting
  3864 | D:4      | Gained mutation: You are partially covered in sharp spines.
                  | [demonic ancestry]
  3864 | D:4      | Reached XP level 6. HP: 12/51 MP: 6/6
  4251 | D:4      | Reached skill level 5 in Dodging
  4268 | D:4      | Reached skill level 6 in Fighting
  4268 | D:4      | Reached XP level 7. HP: 27/58 MP: 7/7
  4467 | D:5      | Entered Level 5 of the Dungeon
  4863 | D:5      | Slain by a gnoll

Illustrated notes

Levels and vault maps discovered:
D:1:      dpeg_arrival_water_temple_mockup, layout_loops_corners,
          kennysheep_crisscross, minmay_misc_feat_pillars,
          hangedman_abyss_or_decor_stabs
D:2:      layout_loops_corners, minmay_distorted
D:3:      layout_rooms, lemuel_coloured_pillars_altar, general_overflow_altar,
          shapermc_ecumenical_altar_flowoftime, minmay_crystal_water,
          minmay_pentomino_pile
D:4:      layout_rooms, lemuel_round_altar
D:5:      layout_basic, hangedman_decor_slide_cut

Skill      XL: |  1  2  3  4  5  6 |
---------------+-------------------+-----
Unarmed Combat | 3 |  3.0
Dodging        | 3 4 5 |  5.8
Fighting       | 4 5 6 |  6.3
Stealth        | |  1.7

Action                   |  1- 3 |  4- 6 |  7- 9 || total
-------------------------+-------+-------+-------++-------
Melee: Unarmed           |   177 |   223 |    36 ||   436
       Punch             |     8 |     9 |     3 ||    20
  Use: Scroll            |     7 |       |       ||     7
       Potion            |     1 |     6 |       ||     7
 Stab: Sleeping          |     5 |     5 |       ||    10
Armor: Robe              |    26 |    37 |     4 ||    67
Dodge: Dodged            |   102 |   160 |    31 ||   293

Table legend: (Time is in decaauts)
 A = Elapsed time spent in this place.
 B = Non-inter-level travel time spent in this place.
 C = Inter-level travel time spent in this place.
 D = Time resting spent in this place.
 E = Time spent auto-exploring this place.
 F = Levels seen in this place.
 G = Mean time per level.
                   A        B        C        D        E       F      G
               +--------+--------+--------+--------+--------+-----+--------+
         Total |   4835 |   4657 |    178 |   1293 |   2459 |   5 |  967.0 |
       Dungeon |   4835 |   4657 |    178 |   1293 |   2459 |   5 |  967.0 |
               +--------+--------+--------+--------+--------+-----+--------+

Top non-repeatable levels by time:
     D:3: 1222 daAuts
     D:1: 1090 daAuts
     D:2: 1078 daAuts
     D:4: 1049 daAuts
     D:5: 394 daAuts
